 Dungeon Crawl Stone Soup version 0.31-a0-1511-g961fd35ebc (webtiles) character file.

Game seed: 9896056970513572095

916 MacCMillion the Cleaver (level 7, -12/56 (61) HPs)
             Began as a Minotaur Fighter on Dec 30, 2023.
             Was a Believer of Qazlal.
             Mangled by Duvessa
             ... wielding a +2 short sword of draining
              (15 damage)
             ... on level 4 of the Dungeon.
             The game lasted 00:05:48 (3890 turns).

MacCMillion the Cleaver (Minotaur Fighter)          Turns: 3890, Time: 00:05:49

HP:   -12/56 (61)   AC:  7    Str: 23    XL:     7   Next: 83%
MP:   6/6           EV: 14    Int:  5    God:    Qazlal [**....]
Gold: 263           SH:  7    Dex:  9    Spells: 6/6 levels left

rFire   . . .        a - +0 war axe
rCold   + . .        c - +0 buckler
rNeg    . . .        b - +0 scale mail
rPois   .            (helmet restricted)
rElec   .            (no cloak)
rCorr   .            (no gloves)
SInv    .            (no boots)
Will    .....        (no amulet) Stlth
                     l - +5 ring of evasion
HPRegen 0.29/turn    m - ring of protection from cold
MPRegen 0.10/turn

%: no passive effects
@: drained
A: horns 2, retaliatory headbutt
a: Renounce Religion, Upheaval


You were on level 4 of the Dungeon.
You worshipped Qazlal.
Qazlal was pleased with you.
You visited 1 branch of the dungeon, and saw 4 of its levels.
You also visited: Sewer.

You collected 263 gold pieces.

Inventory:

Hand Weapons
 a - a +0 war axe (weapon)
Missiles
 u - 5 darts of dispersal
 v - 6 datura-tipped darts
 w - 4 poisoned darts
Armour
 b - a +0 scale mail (worn)
 c - a +0 buckler (worn)
Jewellery
 l - a +5 ring of evasion (left hand)
 m - a ring of protection from cold (right hand)
 n - a +6 ring of strength
 p - a ring of flight
Scrolls
 g - 2 scrolls of vulnerability {unknown}
 h - a scroll of immolation {unknown}
 i - a scroll of fog {unknown}
 j - a scroll of teleportation {unknown}
 k - 2 scrolls of identify {unknown}
 o - a scroll of blinking
 q - 3 scrolls of enchant armour {unknown}
 t - a scroll of amnesia {unknown}
Potions
 d - 2 potions of might
 e - a potion of mutation {unknown}
 f - 3 potions of curing {unknown}
 r - 2 potions of brilliance {unknown}
 s - 2 potions of heal wounds {unknown}
 x - a potion of degeneration {unknown}


   Skills:
 + Level 5.3 Fighting
 + Level 10.0 Axes
 + Level 3.8 Armour
 - Level 4.0 Shields
 + Level 0.5 Invocations


You had 6 spell levels left.
You didn't know any spells.
Your spell library contained the following spells:

 Spells                   Type           Power      Damage    Failure   Level
 Inner Flame              Hex/Fire       0%         N/A       99%         3
 Flame Wave               Conj/Fire      0%         2d4       100%        4
 Sticky Flame             Fire/Alch      0%         2d4       100%        4


Dungeon Overview and Level Annotations

Branches:
Dungeon (4/15)              Sewer (visited)
 Temple: D:4-7

Altars:
Qazlal

Annotations:
D:4 Duvessa, Sigmund


Innate Abilities, Weirdness & Mutations

You have a pair of horns on your head.
You reflexively headbutt those who attack you in melee.


Message History

The gnoll sergeant hits you with a +5 flail!
Duvessa closely misses you. You block Duvessa's attack.
Dowan hits you but does no damage. You block the gnoll sergeant's attack.
You slash Duvessa!
Duvessa is heavily wounded.
You hit the gnoll sergeant. You miss Dowan.
Dowan says, "My weaknesses are her strengths!"
Dowan hits you with a +0 dagger. You block the gnoll sergeant's attack.
Duvessa closely misses you.
You barely miss Duvessa.
Duvessa is heavily wounded.
You hit the gnoll sergeant. You hit Dowan. Dowan misses you.
You furiously retaliate!
You headbutt Dowan. Duvessa completely misses you.
The gnoll sergeant hits you but does no damage.
You hit Duvessa but do no damage.
Duvessa is heavily wounded.
You hit the gnoll sergeant but do no damage.
You slash Dowan!
You kill Dowan!
Qazlal accepts your kill.
Duvessa screams in rage.
Duvessa goes berserk!
Duvessa closely misses you. You furiously retaliate!
You headbutt Duvessa. You block the gnoll sergeant's attack.
Your life force feels restored.
You barely miss Duvessa.
Duvessa is heavily wounded.
You hit the gnoll sergeant but do no damage.
Duvessa hits you with a +2 short sword of draining!
You feel drained.
Duvessa hits you with a +2 short sword of draining!
* * * LOW HITPOINT WARNING * * *
You feel drained.
* * * LOW HITPOINT WARNING * * *
The gnoll sergeant closely misses you. You furiously retaliate!
You headbutt the gnoll sergeant. You slash Duvessa! You headbutt Duvessa.
Duvessa is almost dead.
The gnoll sergeant blocks your attack.
Duvessa hits you with a +2 short sword of draining!
You die...

......#.. #....... ###. [###
....# ........ ...## ...#...
....### §§§§. ......###
#####§§§# ....#.).###...#.§§#
.######.#.....#§eg# ## ..
#.......#§@§# ## #..
.######.......#§§§#.#.##...#
............###§§§#......#..
............###§§§##......# ..
.............#§§§§§#......##..
.............#.§.§........#...
.<..........##...#............
...........###....#..........#
...#.......# ##..##........##
.


You could see Duvessa (berserk) and a gnoll sergeant.

Vanquished Creatures
  Pikel (D:4)
  3 lemures (D:3)
  A bullfrog (Sewer)
  A scorpion (D:4)
  Dowan (D:4)
  An orc priest (D:3)
  12 adders
  A dart slug (D:3)
  A ribbon worm (D:2)
  8 orcs
  11 ball pythons
  9 bats
  11 endoplasms
  9 giant cockroaches
  5 goblins
  5 hobgoblins
  12 jackals
  11 quokkas
  16 frilled lizards
  3 kobolds
  5 rats
127 creatures vanquished.

Notes
Turn   | Place    | Note
-------+----------+-------------------------------------------
     0 | D:1      | MacCMillion the Minotaur Fighter began the quest for the
                  | Orb.
     0 | D:1      | Reached XP level 1. HP: 19/19 MP: 0/0
   207 | D:1      | Reached skill level 3 in Axes
   207 | D:1      | Reached XP level 2. HP: 26/26 MP: 1/1
  1138 | D:2      | Reached skill level 4 in Axes
  1148 | D:2      | Reached XP level 3. HP: 28/31 MP: 2/2
  1186 | D:2      | Found a stormy altar of Qazlal.
  1250 | D:2      | Became a worshipper of Qazlal Stormbringer
  1424 | D:2      | Reached skill level 5 in Axes
  1462 | D:2      | Reached XP level 4. HP: 39/39 MP: 3/3
  1663 | D:3      | Found a glowing drain.
  1670 | Sewer    | Entered a sewer
  1817 | Sewer    | Reached * piety under Qazlal
  1854 | Sewer    | Reached skill level 6 in Axes
  1867 | Sewer    | Reached XP level 5. HP: 34/45 MP: 4/4
  2232 | Sewer    | Reached skill level 7 in Axes
  2575 | D:3      | Reached XP level 6. HP: 51/51 MP: 5/5
  2607 | D:3      | Found a faded altar of an unknown god.
  2611 | D:3      | Reached ** piety under Qazlal
  3271 | D:4      | Reached skill level 8 in Axes
  3283 | D:4      | Noticed Pikel
  3539 | D:4      | Killed Pikel
  3540 | D:4      | Reached skill level 10 in Axes
  3540 | D:4      | Reached skill level 5 in Fighting
  3540 | D:4      | Reached XP level 7. HP: 54/61 MP: 6/6
  3685 | D:4      | Noticed Sigmund
  3878 | D:4      | Noticed Dowan
  3879 | D:4      | Noticed Duvessa
  3888 | D:4      | Killed Dowan
  3890 | D:4      | Mangled by Duvessa

Illustrated notes

Levels and vault maps discovered:
D:1:      ncdulo_halloftheorcs, layout_basic
D:2:      layout_basic, basic_altar
D:3:      layout_loops_ring, chequers_ecumenical_altar_island,
          mainiacjoe_sewer_entry_somewhere_in_here_1, minmay_quantized
D:4:      layout_cave_pools, beargit_hepliaklqana_dungeon_heroes, minmay_puff,
          uniq_duvessa, uniq_pikel, uniq_sigmund

Skill      XL: |  1  2  3  4  5  6 |
---------------+-------------------+-----
Shields        | 4 |  4.0
Axes           | 3 4 5 6 7 10 | 10.0
Fighting       | 5 |  5.3
Armour         | |  3.8
Invocations    | |  0.5

Action                     |  1- 3 |  4- 6 |  7- 9 || total
---------------------------+-------+-------+-------++-------
  Melee: War axe           |    80 |   155 |    24 ||   259
         Headbutt          |    12 |    21 |     2 ||    35
    Use: Scroll            |       |     1 |       ||     1
         Potion            |       |     1 |       ||     1
 Armour: Scale mail        |    51 |    62 |    13 ||   126
  Dodge: Dodged            |    33 |   103 |    17 ||   153
  Block: Buckler           |    17 |    60 |    13 ||    90

Table legend: (Time is in decaauts)
 A = Elapsed time spent in this place.
 B = Non-inter-level travel time spent in this place.
 C = Inter-level travel time spent in this place.
 D = Time resting spent in this place.
 E = Time spent auto-exploring this place.
 F = Levels seen in this place.
 G = Mean time per level.
                   A        B        C        D        E       F      G
               +--------+--------+--------+--------+--------+-----+--------+
         Total |   4053 |   3924 |    129 |    596 |   2422 |   5 |  810.6 |
       Dungeon |   3167 |   3038 |    129 |    271 |   2080 |   4 |  791.8 |
         Sewer |    885 |    885 |      0 |    325 |    342 |   1 |  885.0 |
               +--------+--------+--------+--------+--------+-----+--------+

Top non-repeatable levels by time:
     D:3: 1231 daAuts
     D:1: 1069 daAuts
   Sewer: 885 daAuts
     D:2: 497 daAuts
     D:4: 369 daAuts
